 Dungeon Crawl Stone Soup version 0.31.0-12-g77e489cdc1 (webtiles) character file.

Game seed: 3088421072896522510

93 Dvallin the Ruffian (level 4, -3/39 HPs)
             Began as a Naga Shapeshifter on Feb 16, 2024.
             Slain by a gnoll
             ... wielding a +0 halberd
              (13 damage)
             ... on level 2 of the Dungeon.
             The game lasted 00:05:52 (1203 turns).

Dvallin the Ruffian (Naga Shapeshifter)             Turns: 1203, Time: 00:05:53

Health: -3/39      AC:  6    Str: 17    XL:     4   Next: 62%
Magic:  4/4        EV: 10    Int: 10    God:
Gold:   48         SH:  0    Dex: 12    Spells: 3/3 levels left

rFire   . .          .
                       - Unarmed
rCold   . . .        (no shield)
rNeg    . . .        a - +0 animal skin
rPois   +            (helmet currently unavailable)
rElec   .            (cloak currently unavailable)
rCorr   .            (gloves currently unavailable)
SInv    +            (no barding)
Will    .....        (no amulet)
Stlth   +            j - +4 ring of protection
HPRegen 0.26/turn    (no ring)
MPRegen 0.09/turn

%: no passive effects
@: lethally poisoned (-3 -> -6), beast-form, very slow
A: beast (slay +2), AC +1, large, see invisible, deformed body, poison
resistance, slowness 2, spit poison 1, naga tail 1
a: Spit Poison, Begin Untransformation


You were on level 2 of the Dungeon.
You were a hulking beast.
You visited 1 branch of the dungeon, and saw 2 of its levels.

You collected 48 gold pieces.

Inventory:

Missiles
 e - a throwing net
Armour
 a - a +0 animal skin (worn)
Jewellery
 j - a +4 ring of protection (left hand)
Talismans
 c - a beast talisman (active)
 d - a flux talisman
Scrolls
 i - a scroll of vulnerability {unknown}
 k - a scroll of fog {unknown}
 l - a scroll of enchant weapon {unknown}
Potions
 b - a potion of lignification
 f - a potion of attraction {unknown}
 g - a potion of mutation {unknown}
 h - a potion of enlightenment {unknown}


   Skills:
 + Level 2.2 Fighting
 - Level 1.5 Dodging
 * Level 4.2 Unarmed Combat
 + Level 3.5 Shapeshifting


You had 3 spell levels left.
You didn't know any spells.
Your spell library was empty.

Dungeon Overview and Level Annotations

Branches:
Dungeon (2/15)

Altars:

Shops:
D:1 =:


Innate Abilities, Weirdness & Mutations

You are a hulking beast.
Your limbs bulge with bestial killing power. (Slay +2)
Your serpentine skin is tough. (AC +1)
You have supernaturally acute eyesight. (SInv)
Armour fits poorly on your strangely shaped body.
Your system is resistant to poisons. (rPois)
You cover ground very slowly.
You can spit poison.
You have a snake-like lower body.


Message History

You now have 48 gold pieces (gained 9).
There is an escape hatch in the ceiling here. 2 gnolls come into view.
A gnoll is wielding a +2 whip of venom.
The gnoll shouts!
You hear a shout!
The gnoll moves out of view.
You can't see any hostile targets in range.
A gnoll comes into view. It is wielding a +0 halberd.
The gnoll shouts!
The splash of poison misses the gnoll.
The gnoll hits you but does no damage.
The gnoll hits you from afar with a +0 spear. x2
The gnoll barely misses you.
The gnoll hits you from afar with a +0 halberd.
You punch the gnoll!
The gnoll is severely wounded.
The gnoll hits you with a +2 whip of venom.
You are poisoned.
The gnoll hits you from afar with a +0 halberd.
The gnoll barely misses you.
You punch the gnoll!
You kill the gnoll!
You feel very sick. The gnoll closely misses you.
The gnoll hits you but does no damage.
You have got your breath back.
You feel sick. The gnoll hits you with a +0 spear.
The gnoll completely misses you.
Things that are here:
a +2 whip of venom; a gnoll corpse You are too injured to fight recklessly!
You are too injured to fight recklessly!
You are too injured to fight recklessly!
You are too injured to fight recklessly!
You closely miss the gnoll.
You feel sick. The gnoll misses you. The gnoll closely misses you.
You punch the gnoll!
The gnoll is almost dead.
You feel sick. The gnoll hits you with a +0 spear.
* * * LOW HITPOINT WARNING * * *
The gnoll hits you with a +0 halberd!
You die...

#.# #.# #####.###
####### ##.###
#.......# .......
#..... #.##.##.#
....... #..... #....#
....... #.#... ####.#
....... #.#.#.
#.#####.# .......
#.....
#.......###g......
###.##
#######...hg......
#.# #.########## #.#
##.####[....# #.#
...........#######†#
##.#..#.##..........#
#......##.##########
#.........#
###..###).# ##
#.......# ##.


You could see 2 gnolls.

Vanquished Creatures
  3 adders (D:2)
  2 gnolls
  A dart slug (D:1)
  An endoplasm (D:1)
  2 giant cockroaches (D:1)
  7 goblins (D:1)
  6 hobgoblins
  4 jackals (D:1)
  3 quokkas
  A ball python (D:1)
  A bat (D:1)
  A frilled lizard (D:1)
  5 kobolds
  7 rats
44 creatures vanquished.

Notes
Turn   | Place    | Note
-------+----------+-------------------------------------------
     0 | D:1      | Dvallin the Naga Shapeshifter began the quest for the Orb.
     0 | D:1      | Reached XP level 1. HP: 18/18 MP: 1/1
   127 | D:1      | Reached XP level 2. HP: 25/25 MP: 2/2
   407 | D:1      | Reached XP level 3. HP: 29/31 MP: 3/3
   570 | D:1      | Found a faded altar of an unknown god.
   598 | D:1      | Found Intim's Book Shoppe.
   640 | D:1      | Found Paesysonn's Jewellery Shoppe.
   802 | D:2      | Reached skill level 4 in Unarmed Combat
   802 | D:2      | Reached XP level 4. HP: 33/39 MP: 4/4
  1203 | D:2      | Slain by a gnoll

Illustrated notes

Levels and vault maps discovered:
D:1:      amcnicky_arrival_double_pillar, layout_basic,
          ebering_ecumenical_altar_sacrificial, serial_shops,
          nicolae_shop_tiny_statue_garden, shop, kennysheep_pointless_box
D:2:      layout_loops_cross

Skill      XL: |  1  2  3  4 |
---------------+-------------+-----
Unarmed Combat | 4 |  4.2
Fighting       | 2 |  2.2
Dodging        | |  1.5
Shapeshifting  | |  3.5

Action                     |  1- 3 |  4- 6 || total
---------------------------+-------+-------++-------
  Melee: Unarmed           |    65 |    22 ||    87
         Punch             |       |     1 ||     1
Ability: Spit Poison       |    21 |     8 ||    29
   Stab: Sleeping          |     1 |       ||     1
 Armour: Animal skin       |    37 |    17 ||    54
  Dodge: Dodged            |    25 |    16 ||    41
   Form: Beast             |     1 |       ||     1
